Map: Moonlight Madness LE (Void)

Players

SvenskaSpel

  • Race: Protoss Protoss
  • League: Gold

SilentBladeX

  • Race: Protoss Protoss
  • League: Silver

MoonLjth - Winner!

  • Race: Protoss Protoss
  • League: Platinum

iQuitBYE - Winner!

  • Race: Protoss Protoss
  • League: Grandmaster

VOD

Have the link to the VOD?

Description

Time

  • Played on: Oct. 3, 2015, 1:02 p.m.
  • Length: 15:45
Show
View Real Time Build Order
Export as new Build Order

SvenskaSpel Protoss 

Build Orders: Blink Stalkers 

Get SALT Encoding   

  12  0:02  Probe (Chrono Boost)  
  13  0:12  Probe (Chrono Boost)  
  14  0:18  Pylon  
  14  0:23  Probe (Chrono Boost)  
  15  0:36  Probe (Chrono Boost)  
  15  0:40  Gateway  
  16  0:47  Probe (Chrono Boost)  
  17  0:50  Assimilator  
  17  0:57  Probe (Chrono Boost)  
  18  1:08  Probe (Chrono Boost)  
  19  1:11  Pylon  
  20  1:18  Probe (Chrono Boost)  
  20  1:32  Cybernetics Core  
  20  1:34  Probe (Chrono Boost)  
  21  1:43  Assimilator  
  21  1:45  Probe (Chrono Boost)  
  22  1:56  Probe (Chrono Boost)  
  22  1:57  Warp Gate  
  23  2:09  Twilight Council  
  24  2:16  Probe (Chrono Boost)  
  24  2:23  Pylon  
  24  2:33  Mothership Core (Chrono Boost)  
  26  2:42  Gateway  
  26  2:44  Gateway  
  26  2:45  Stalker  
  28  2:57  Blink  
  28  3:09  Probe (Chrono Boost)  
  29  3:20  Stalker  
  29  3:24  Pylon  
  30  3:33  Forge  
  30  3:37  Stalker  
  30  3:38  Stalker  
  34  4:01  Robotics Facility  
  34  4:08  Photon Cannon  
  34  4:14  Photon Cannon  
  33  4:17  Pylon  
  33  4:40  Protoss Ground Weapons Level 1  
  33  4:43  Stalker x3  
  39  4:51  Observer  
  38  5:11  Stalker x2  
  40  5:37  Stalker  
  40  5:38  Stalker x2  
  46  5:50  Nexus  
  42  6:02  Pylon  
  38  6:09  Stalker  
  40  6:19  Protoss Ground Weapons Level 2  
  40  6:20  Stalker, Pylon  
  42  6:28  Stalker  
  44  6:53  Stalker  
  44  6:54  Stalker  
  48  7:15  Stalker  
  48  7:19  Stalker  
  48  7:34  Stalker  
  52  7:37  Probe (Chrono Boost)  
  52  7:38  Probe (Chrono Boost)  
  52  7:47  Probe (Chrono Boost)  
  52  7:48  Stalker  
  52  7:50  Stalker, Probe (Chrono Boost)  
  58  8:02  Photon Cannon  
  58  8:21  Dark Shrine  
  58  8:25  Probe (Chrono Boost)  
  60  8:27  Probe (Chrono Boost)  
  60  8:30  Pylon  
  60  8:41  Stalker  
  60  8:42  Stalker  
  60  8:46  Probe (Chrono Boost)  
  60  8:48  Probe (Chrono Boost)  
  66  8:58  Protoss Ground Weapons Level 3  
  66  9:02  Zealot  
  68  9:11  Zealot x2  
  68  9:13  Assimilator  
  68  9:16  Assimilator  
  68  9:35  Dark Templar  
  70  9:42  Probe (Chrono Boost)  
  70  9:44  Probe (Chrono Boost)  
  70  9:45  Dark Templar  
  74  9:59  Dark Templar, Pylon  
  74  10:23  Immortal  
  78  10:35  Adept x3  
  82  10:37  Robotics Facility  
  82  10:40  Resonating Glaives  
  82  11:06  Immortal  
  86  11:25  Immortal  
  90  11:34  Adept x2  
  90  11:36  Nexus  
  90  11:37  Pylon  
  93  11:49  Observer  
  94  12:02  Pylon x2  
  94  12:04  Pylon  
  94  12:06  Immortal  
  98  12:15  Photon Cannon  
  88  12:30  Stalker  
  88  12:31  Stalker  
  81  12:57  Adept  
  83  13:08  Probe (Chrono Boost)  
  83  13:09  Protoss Ground Armor Level 1  
  83  13:10  Probe x2 (Chrono Boost)  
  86  13:34  Dark Templar  
  86  13:38  Pylon  
  85  13:53  Photon Cannon  
  39  14:14  Dark Templar x2  
  33  14:20  Probe x2 (Chrono Boost)  
  33  14:21  Probe (Chrono Boost)  
  28  14:51  Photon Cannon  
  28  14:55  Probe (Chrono Boost)  
  28  14:57  Probe x2 (Chrono Boost)  
  31  15:06  Probe (Chrono Boost)  
  31  15:09  Probe x2 (Chrono Boost)  
  33  15:14  Stalker  
  35  15:24  Probe (Chrono Boost)  
  35  15:25  Probe x2 (Chrono Boost)  
Show
View Real Time Build Order
Export as new Build Order

SilentBladeX Protoss 

Build Orders: Blink Stalkers, Dark Templar Rush 

Get SALT Encoding   

  12  0:01  Probe (Chrono Boost)  
  13  0:14  Pylon  
  13  0:17  Probe (Chrono Boost)  
  14  0:27  Probe (Chrono Boost)  
  15  0:35  Gateway  
  15  0:38  Probe (Chrono Boost)  
  16  0:43  Assimilator  
  16  0:48  Assimilator  
  16  0:52  Probe (Chrono Boost)  
  17  1:02  Probe (Chrono Boost)  
  17  1:04  Pylon  
  18  1:13  Probe (Chrono Boost)  
  19  1:23  Probe (Chrono Boost)  
  19  1:24  Cybernetics Core  
  19  1:35  Probe (Chrono Boost)  
  20  1:48  Probe (Chrono Boost)  
  21  1:57  Stalker  
  21  2:00  Probe (Chrono Boost)  
  24  2:11  Mothership Core (Chrono Boost)  
  24  2:14  Warp Gate (Chrono Boost)  
  26  2:20  Pylon  
  26  2:27  Twilight Council  
  26  2:28  Stalker  
  26  2:32  Probe  
  29  2:44  Probe  
  29  2:50  Gateway  
  30  2:56  Probe  
  31  3:05  Blink (Chrono Boost)  
  31  3:08  Probe  
  32  3:15  Dark Shrine  
  32  3:30  Gateway  
  32  3:34  Gateway  
  32  4:00  Pylon  
  32  4:07  Stalker x2  
  36  4:21  Pylon  
  36  4:33  Stalker x2  
  36  4:34  Stalker x2  
  44  4:42  Probe  
  44  4:45  Pylon  
  43  4:55  Pylon  
  43  4:58  Pylon  
  39  5:00  Stalker x2  
  43  5:10  Stalker x2  
  45  5:30  Stalker x2  
  43  5:42  Dark Templar  
  41  6:06  Nexus  
  41  6:09  Resonating Glaives (Chrono Boost)  
  41  6:12  Robotics Facility  
  41  6:21  Stalker  
  43  6:30  Stalker  
  45  6:35  Probe  
  46  6:47  Probe  
  47  6:57  Immortal  
  47  6:59  Probe  
  52  7:11  Probe  
  52  7:14  Adept  
  55  7:23  Probe  
  55  7:24  Probe  
  57  7:31  Immortal  
  57  7:36  Probe  
  62  7:39  Probe  
  62  7:43  Assimilator  
  63  7:48  Probe  
  63  7:49  Probe  
  65  7:51  Pylon  
  65  7:52  Pylon  
  65  8:00  Probe, Adept x2  
  70  8:08  Probe, Observer  
  70  8:12  Probe  
  73  8:13  Assimilator  
  73  8:18  Probe, Adept  
  75  8:24  Probe, Pylon  
  75  8:25  Adept  
  79  8:31  Dark Templar  
  81  8:40  Adept x2  
  85  8:42  Warp Prism  
  85  8:45  Probe  
  88  8:59  Probe  
  88  9:00  Probe  
  90  9:09  Probe  
  90  9:11  Robotics Bay  
  90  9:12  Probe  
  92  9:20  Probe  
  87  9:24  Probe  
  87  9:30  Probe  
  88  9:33  Immortal  
  88  9:37  Probe  
  94  9:46  Pylon  
  94  9:48  Pylon  
  94  9:51  Nexus  
  94  10:00  Probe, Forge  
  94  10:03  Probe, Pylon  
  89  10:09  Observer  
  89  10:11  Probe  
  88  10:15  Probe  
  87  10:21  Probe  
  87  10:23  Pylon  
  88  10:31  Probe  
  89  10:45  Probe  
  89  10:46  Photon Cannon  
  90  11:04  Assimilator  
  90  11:05  Templar Archives, Adept x2  
  91  11:12  Adept, Assimilator  
  92  11:21  Adept  
  94  11:27  Disruptor  
  94  11:29  Probe  
  98  11:41  Probe  
  98  11:43  Probe  
  98  11:45  Probe  
  101  11:52  Adept x2  
  105  11:54  Adept  
  105  11:57  Probe  
  107  12:05  Adept  
  104  12:15  Probe  
  104  12:16  Probe  
  104  12:17  Probe  
  104  12:20  Protoss Ground Weapons Level 1 (Chrono Boost)  
  107  12:26  Probe  
  107  12:28  Probe  
  107  12:29  Probe  
  110  12:30  Adept  
  110  12:31  Adept  
  110  12:36  Disruptor  
  108  12:37  Probe  
  108  12:40  Probe  
  108  12:43  Probe  
  108  12:52  Probe, Photon Cannon  
  109  12:59  High Templar x3  
  109  13:00  High Templar  
  109  13:01  Archon  
  109  13:02  Archon  
  117  13:11  Gateway  
  117  13:13  Gateway  
  117  13:14  Probe  
  117  13:28  Adept  
  117  13:29  Adept x2  
  121  13:36  Disruptor  
  121  13:37  High Templar  
  122  13:43  Gateway  
  122  13:45  Gateway  
  119  13:54  Adept x2  
  119  13:55  Adept  
  73  14:11  Adept  
  73  14:12  Adept x2  
  73  14:13  Adept x3  
  79  14:18  Probe  
  79  14:21  Photon Cannon  
  80  14:31  Adept x3  
  80  14:32  Adept  
  72  14:48  Probe  
  72  14:50  Photon Cannon  
  72  14:51  High Templar  
  72  14:52  High Templar x5  
  85  14:55  Archon x2  
  85  14:56  Archon  
  85  15:03  Disruptor  
  88  15:20  High Templar  
  88  15:21  High Templar x3  
  94  15:22  Archon  
  94  15:23  Archon  
  96  15:36  Nexus  
  96  15:37  Pylon  
Show
View Real Time Build Order
Export as new Build Order

MoonLjth Protoss - Winner!

Build Orders:  

Get SALT Encoding   

Show
View Real Time Build Order
Export as new Build Order

iQuitBYE Protoss - Winner!

Build Orders:  

Get SALT Encoding   

Tags
 
Add a new tag
Caveats
  • Supply blocks, unpowered buildings, or Contaminate may cause inaccurate times.
  • Supply counts are checked every 10 seconds.